 Dungeon Crawl Stone Soup version 0.19.5 (webtiles) character file.

93 doot the Changer (level 4, 0/32 HPs)
             Began as a Merfolk Transmuter on May 6, 2017.
             Slain by a goblin (4 damage)
             ... led by Robin
             ... on level 2 of the Dungeon.
             The game lasted 00:06:00 (2385 turns).

doot the Changer (Merfolk Transmuter)               Turns: 2385, Time: 00:06:01

Health: 0/32       AC:  2    Str: 10    XL:     4   Next: 61%
Magic:  2/7        EV: 13    Int: 13    God:
Gold:   36         SH:  0    Dex: 14    Spells: 2 memorised, 3 levels left

rFire  . . .     SeeInvis .     h - +0 mace
rCold  . . .     Gourm    .     b - +0 robe
rNeg   . . .     Faith    .     (no shield)
rPois  .         Spirit   .     (no helmet)
rElec  .         Reflect  .     (no cloak)
rCorr  .         Harm     .     (no gloves)
MR     .....                    (no boots)
Stlth  +.........               (no amulet)
                                (no ring)
                                (no ring)

@: very slightly contaminated
A: change form in water, swift swim, stealthy swim
a: no special abilities


You were on level 2 of the Dungeon.
You were not hungry.

You visited 1 branch of the dungeon, and saw 2 of its levels.

You collected 36 gold pieces.

Inventory:

Hand Weapons
 h - a +0 mace (weapon)
Missiles
 a - 56 arrows
Armour
 b - a +0 robe (worn)
Wands
 e - a wand of teleportation (2/9)
Scrolls
 f - 3 scrolls of identify {unknown}
 j - a scroll of recharging {unknown}
 k - a scroll of immolation {unknown}
 l - a scroll of enchant armour {unknown}
 m - a scroll of magic mapping {unknown}
Potions
 i - a potion of cancellation {unknown}
Books
 c - a book of Changes

   Spells                             Type                      Level
   a - Beastly Appendage              Transmutation                1
   b - Sticks to Snakes               Transmutation                2
   c - Spider Form                    Transmutation/Poison         3
   d - Ice Form                       Ice/Transmutation            4
   e - Blade Hands                    Transmutation                5
Comestibles
 d - 2 bread rations
 n - a meat ration


   Skills:
 - Level 1.1 Fighting
 - Level 2.6 Dodging
 - Level 3.2 Unarmed Combat
 - Level 2.0 Spellcasting
 + Level 6.2 Transmutations


You had 3 spell levels left.
You knew the following spells:

 Your Spells              Type           Power        Failure   Level  Hunger
a - Beastly Appendage     Tmut           ###...       1%          1    ##.....
b - Spider Form           Tmut/Pois      #.........   21%         3    ####...


Dungeon Overview and Level Annotations

Branches:
Dungeon (2/15)

Altars:
Elyvilon

Annotations:
D:2 Robin


Message History

Your transformation has ended.
Your +0 mace unmelds from your body.
Your +0 robe unmelds from your body.
The goblin hits you.
There is an open door here.
Robin throws the goblin at you! The goblin hits you.
The goblin barely misses you. Robin throws the goblin at you!
* * * LOW HITPOINT WARNING * * *
The goblin misses you. The goblin hits you with a dagger.
* * * LOW HITPOINT WARNING * * *
Okay, then.
Okay, then.
You barely miss the goblin. The goblin closely misses you.
The goblin hits you but does no damage. The goblin hits you.
* * * LOW HITPOINT WARNING * * *
The goblin misses you. The goblin barely misses you.
You hit the goblin.
You kill the goblin!
The goblin hits you.
You die...

≈≈# ......)...#
≈≈#### #...#
≈≈...##########†..#
≈≈...#..).......).#
≈≈...#............#
≈≈..##'##.....##g##
≈≈..#...#.....#(..#
≈≈..#...#.....#gg.#
≈≈..#...#.....#.@.#
≈≈..##'##.....##)##
≈≈......#.....#...#
≈≈≈...))#.....#.).#
#≈≈≈≈≈≈(#.....#≈≈≈#
##≈≈≈≈≈≈##'''##≈≈≈#
#####≈≈≈≈...≈≈≈≈##
###≈≈...≈≈###
##((..###


You could see Robin and 2 goblins.

Vanquished Creatures
  2 adders (D:2)
  An ooze (D:1)
  A worm (D:2)
  A dart slug (D:1)
  3 bats (D:2)
  4 giant cockroaches
  17 goblins
  9 hobgoblins
  3 jackals (D:2)
  6 kobolds
  3 frilled lizards
  8 rats
58 creatures vanquished.

Notes
Turn   | Place    | Note
-------+----------+-------------------------------------------
     0 | D:1      | doot the Merfolk Transmuter began the quest for the Orb.
     0 | D:1      | Reached XP level 1. HP: 15/15 MP: 3/3
     8 | D:1      | Reached skill level 3 in Transmutations
   163 | D:1      | Reached XP level 2. HP: 12/21 MP: 1/5
   535 | D:1      | Reached skill level 4 in Transmutations
   818 | D:1      | Reached XP level 3. HP: 19/26 MP: 4/6
   823 | D:1      | Learned a level 3 spell: Spider Form
  1489 | D:2      | Found a white marble altar of Elyvilon.
  1495 | D:2      | Reached skill level 5 in Transmutations
  1531 | D:2      | HP: 1/26 [poisoned by an adder]
  1684 | D:2      | Reached XP level 4. HP: 23/32 MP: 4/7
  2100 | D:2      | Reached skill level 6 in Transmutations
  2365 | D:2      | Noticed Robin
  2385 | D:2      | Slain by a goblin

Skill      XL: |  1  2  3  4 |
---------------+-------------+-----
Transmutations | 3 4 5 6 |  6.2
Fighting       | |  1.1
Dodging        | |  2.6
Unarmed Combat | |  3.2
Spellcasting   | |  2.0

Action                   |  1- 3 |  4- 6 || total
-------------------------+-------+-------++-------
Melee: Unarmed           |    13 |    12 ||    25
       Headbutt          |    11 |     2 ||    13
       Punch             |     1 |     1 ||     2
       Mace              |    85 |    33 ||   118
       Tailslap          |       |     3 ||     3
 Cast: Beastly Appendage |    22 |     7 ||    29
       Spider Form       |     1 |     1 ||     2
  Use: Potion            |     5 |       ||     5
  Eat: Chunk             |     4 |     2 ||     6
Armor: Robe              |    14 |    10 ||    24
       Skin              |       |     3 ||     3
Dodge: Dodged            |    80 |    68 ||   148
